Map: 熱帶祭品

Players

Nina - Winner!

  • Race: Protoss Protoss
  • League: Master
  • Spawn Location: 7:00

Rex

  • Race: Zerg Zerg
  • League: Diamond
  • Spawn Location: 1:00

Event: HomeStory Cup XXII

VOD

Have the link to the VOD?

Description

Time

  • Played on: Dec. 16, 2022, 6:25 a.m.
  • Length: 15:18

All games in this series

Show
View Real Time Build Order
Export as new Build Order

Nina Protoss - Winner!

Build Orders: 1 Gate Expand, Oracle Opening, Carriers, Zealot Archon 

Get SALT Encoding   

  12  0:00  Probe  
  13  0:12  Probe  
  14  0:20  Pylon  
  14  0:24  Probe  
  15  0:38  Probe (Chrono Boost)  
  15  0:39  Gateway  
  16  0:48  Assimilator  
  16  0:49  Probe (Chrono Boost)  
  17  0:54  Probe (Chrono Boost)  
  18  1:05  Probe  
  19  1:17  Probe  
  20  1:27  Nexus  
  20  1:38  Cybernetics Core  
  20  1:42  Probe  
  21  1:47  Assimilator  
  21  1:54  Probe  
  22  1:59  Pylon  
  22  2:06  Probe (Chrono Boost)  
  23  2:16  Adept  
  23  2:18  Probe (Chrono Boost)  
  23  2:19  Stargate  
  26  2:25  Probe (Chrono Boost)  
  27  2:32  Warp Gate  
  27  2:33  Probe (Chrono Boost)  
  28  2:40  Probe (Chrono Boost)  
  30  2:45  Probe (Chrono Boost)  
  30  2:46  Adept  
  30  2:49  Probe (Chrono Boost)  
  33  2:51  Probe (Chrono Boost)  
  33  2:54  Probe (Chrono Boost)  
  35  3:00  Probe  
  35  3:03  Oracle (Chrono Boost)  
  39  3:07  Probe  
  39  3:12  Probe, Pylon  
  41  3:17  Adept  
  41  3:19  Probe  
  44  3:24  Probe  
  45  3:28  Gateway  
  45  3:31  Probe  
  46  3:34  Oracle (Chrono Boost)  
  46  3:36  Probe  
  50  3:43  Probe  
  51  3:48  Probe  
  51  3:49  Pylon  
  51  3:55  Probe  
  53  4:03  Nexus  
  53  4:04  Probe  
  53  4:06  Oracle (Chrono Boost)  
  57  4:10  Shield Battery, Probe  
  57  4:16  Assimilator  
  57  4:17  Assimilator  
  58  4:22  Probe, Pylon  
  59  4:25  Stalker  
  59  4:26  Probe  
  62  4:40  Probe  
  62  4:41  Twilight Council  
  62  4:45  Stalker  
  65  4:46  Probe  
  65  4:49  Gateway x2  
  65  4:52  Probe  
  67  4:55  Pylon  
  67  4:59  Probe (Chrono Boost)  
  68  5:01  Stalker  
  70  5:07  Pylon  
  70  5:13  Blink (Chrono Boost)  
  72  5:15  Probe x2 (Chrono Boost)  
  72  5:16  Stalker  
  72  5:19  Probe x2 (Chrono Boost)  
  76  5:22  Probe  
  76  5:27  Stalker  
  79  5:30  Probe x2  
  79  5:34  Probe  
  82  5:40  Stalker  
  82  5:42  Probe x2  
  86  5:46  Probe  
  85  5:55  Probe  
  85  5:56  Probe  
  80  5:58  Probe, Stalker x3  
  80  6:03  Templar Archives  
  79  6:04  Gateway  
  79  6:06  Forge  
  79  6:07  Stalker  
  79  6:08  Probe  
  80  6:13  Probe  
  80  6:17  Gateway  
  81  6:20  Probe  
  81  6:21  Assimilator  
  81  6:22  Assimilator  
  81  6:23  Zealot, Stalker  
  81  6:24  Zealot  
  88  6:25  Probe  
  88  6:29  Psionic Storm  
  88  6:32  Probe  
  90  6:34  Robotics Facility  
  90  6:37  Probe  
  90  6:39  Protoss Ground Weapons Level 1, Pylon  
  91  6:42  Pylon  
  91  6:45  Zealot x3  
  97  6:47  High Templar  
  97  6:51  Shield Battery  
  97  6:59  High Templar  
  99  7:04  Shield Battery  
  99  7:07  High Templar  
  101  7:16  High Templar  
  101  7:19  Nexus, Pylon  
  101  7:20  Pylon  
  101  7:21  Pylon  
  103  7:23  Probe  
  103  7:24  Pylon  
  103  7:25  Probe  
  103  7:28  Observer (Chrono Boost)  
  103  7:29  Zealot  
  108  7:33  Pylon x2  
  108  7:36  Gateway  
  108  7:40  Gateway  
  108  7:42  Gateway  
  108  7:43  Shield Battery  
  108  7:44  High Templar  
  108  7:45  Photon Cannon, High Templar  
  108  7:47  Zealot  
  108  7:48  Zealot  
  116  7:51  Probe  
  116  7:52  Archon  
  115  7:58  Photon Cannon  
  115  8:01  Photon Cannon  
  115  8:03  High Templar  
  117  8:07  Observer (Chrono Boost)  
  117  8:08  Probe, High Templar  
  121  8:12  Archon  
  121  8:14  Zealot  
  121  8:16  Probe  
  124  8:20  Photon Cannon  
  124  8:21  Probe  
  124  8:22  Fleet Beacon  
  124  8:23  Assimilator  
  125  8:27  Assimilator  
  125  8:28  Pylon  
  125  8:31  Photon Cannon  
  125  8:32  Protoss Air Weapons Level 1 (Chrono Boost)  
  125  8:33  High Templar  
  127  8:38  Probe  
  127  8:39  Charge  
  129  8:41  Probe  
  129  8:46  Probe  
  129  8:47  Pylon  
  130  8:49  Pylon  
  130  8:53  Zealot x4  
  130  8:54  High Templar  
  130  8:55  High Templar  
  142  9:01  Protoss Ground Weapons Level 2 (Chrono Boost)  
  142  9:04  Probe  
  142  9:05  Probe  
  142  9:07  Observer  
  144  9:10  Stargate  
  144  9:14  Probe  
  145  9:17  Carrier (Chrono Boost)  
  151  9:27  Photon Cannon  
  151  9:30  Zealot x5  
  161  9:34  Nexus  
  161  9:35  Pylon  
  161  9:37  Pylon  
  161  9:49  Stargate  
  161  9:51  Stargate  
  161  9:52  Archon  
  159  9:53  Carrier (Chrono Boost), Nexus  
  165  10:02  High Templar x2  
  165  10:06  Warp Prism (Chrono Boost), Pylon x2  
  159  10:09  Pylon  
  159  10:11  Pylon  
  159  10:14  Zealot x3, Archon  
  134  10:30  High Templar x3  
  146  10:39  Carrier (Chrono Boost)  
  128  10:54  Carrier (Chrono Boost), Zealot x3  
  128  10:55  Zealot x2  
  136  11:03  Zealot x3  
  137  11:06  Carrier (Chrono Boost)  
  137  11:10  Carrier (Chrono Boost)  
  128  11:16  Zealot x3  
  128  11:17  Zealot  
  130  11:22  High Templar  
  130  11:24  Zealot x2  
  135  11:33  Zealot  
  135  11:36  Shield Battery  
  133  11:47  High Templar  
  133  11:48  High Templar  
  133  11:49  Observer (Chrono Boost), Protoss Air Weapons Level 2  
  133  11:50  Zealot  
  133  11:51  Zealot x2  
  144  11:55  Assimilator  
  144  12:02  Observer (Chrono Boost)  
  144  12:04  Photon Cannon  
  140  12:16  Zealot x6  
  140  12:18  Assimilator  
  140  12:21  Zealot x2  
  149  12:43  Zealot x7  
  164  12:49  Zealot  
  164  12:51  Carrier  
  148  13:06  High Templar x3  
  148  13:07  High Templar x2  
  158  13:16  Pylon  
  158  13:17  Pylon  
  158  13:24  Zealot x3  
  131  13:28  Probe (Chrono Boost)  
  133  13:38  Probe x2 (Chrono Boost)  
  133  13:39  Zealot x5  
  133  13:40  Probe (Chrono Boost)  
  146  13:42  Probe (Chrono Boost)  
  146  13:43  Probe (Chrono Boost)  
  146  13:45  Zealot x3  
  153  13:54  Probe  
  153  13:55  Probe  
  150  14:03  Probe x2  
  150  14:07  Probe  
  150  14:09  Probe  
  144  14:12  Zealot x5  
  148  14:19  Probe  
  151  14:25  Probe  
  151  14:30  High Templar x3  
  158  14:31  Probe  
  158  14:33  Probe, Pylon  
  156  14:39  Observer  
  156  14:45  Zealot x4  
  160  14:47  Probe  
  160  14:52  Probe  
  159  14:59  Probe  
  158  15:02  Probe  
  157  15:16  Zealot  
Show
View Real Time Build Order
Export as new Build Order

Rex Zerg 

Build Orders: Hatch First, Lurkers 

Get SALT Encoding   

  12  0:00  Drone  
  13  0:13  Overlord  
  13  0:17  Drone  
  14  0:31  Drone x2  
  16  0:49  Hatchery  
  15  0:52  Drone  
  15  0:56  Drone  
  17  0:59  Drone  
  18  1:10  Extractor  
  17  1:15  Spawning Pool  
  17  1:18  Drone  
  17  1:21  Drone  
  18  1:29  Drone  
  19  1:42  Drone  
  20  1:52  Overlord  
  20  2:02  Queen x2  
  20  2:03  Zergling x2  
  20  2:04  Zergling x2  
  26  2:10  Metabolic Boost  
  26  2:15  Drone  
  26  2:18  Drone  
  28  2:24  Drone x2  
  30  2:40  Hatchery  
  30  2:43  Drone  
  30  2:45  Drone  
  31  2:51  Queen  
  31  2:56  Overlord  
  33  3:00  Drone  
  33  3:02  Drone  
  33  3:03  Drone  
  36  3:08  Overlord  
  36  3:13  Queen  
  36  3:17  Drone  
  36  3:18  Drone  
  40  3:21  Drone  
  40  3:26  Drone  
  40  3:27  Drone x2  
  43  3:28  Drone  
  45  3:35  Queen  
  45  3:38  Overlord  
  47  3:44  Drone x3  
  47  3:46  Drone  
  51  3:51  Queen  
  51  3:55  Evolution Chamber  
  52  3:56  Spore Crawler  
  51  4:03  Zergling x8  
  51  4:06  Drone  
  51  4:08  Drone x2  
  58  4:11  Drone x2  
  58  4:14  Drone  
  61  4:17  Queen  
  61  4:23  Spore Crawler  
  62  4:30  Drone x4  
  63  4:36  Drone x3  
  62  4:40  Drone  
  62  4:42  Zerg Melee Weapons Level 1  
  62  4:43  Drone x2  
  65  4:49  Overlord x2  
  65  4:59  Drone  
  66  5:00  Overlord  
  66  5:08  Hatchery  
  66  5:09  Overlord  
  66  5:10  Overlord  
  66  5:12  Overlord  
  66  5:13  Drone x3  
  68  5:17  Zergling x6  
  68  5:20  Zergling x4  
  68  5:21  Zergling x2  
  74  5:25  Spore Crawler  
  74  5:26  Zergling x6  
  76  5:29  Zergling x4  
  76  5:31  Zergling x2  
  76  5:32  Zergling x2  
  80  5:38  Zergling x2  
  80  5:39  Zergling x8  
  85  5:46  Zergling x6  
  82  5:51  Zergling x12  
  82  5:56  Zergling x2  
  85  5:58  Lair  
  83  6:08  Zergling x6  
  85  6:13  Drone x2  
  85  6:17  Baneling Nest  
  84  6:18  Zergling x14  
  84  6:20  Drone  
  84  6:22  Drone  
  93  6:26  Drone  
  93  6:28  Drone  
  93  6:31  Extractor  
  93  6:32  Extractor  
  93  6:40  Drone x4  
  93  6:41  Drone  
  93  6:43  Drone, Extractor  
  93  6:44  Drone  
  93  6:45  Drone x2  
  100  6:47  Overlord  
  100  6:48  Drone x3  
  100  6:52  Drone x5  
  108  6:58  Drone  
  107  7:02  Infestation Pit, Drone  
  107  7:03  Drone  
  107  7:04  Hydralisk Den, Drone  
  107  7:08  Drone  
  107  7:09  Extractor x2  
  105  7:18  Drone  
  105  7:19  Centrifugal Hooks  
  105  7:21  Drone  
  105  7:22  Drone x11  
  117  7:23  Spore Crawler, Extractor  
  117  7:24  Extractor  
  114  7:31  Zerg Melee Weapons Level 2  
  114  7:33  Zergling x10  
  114  7:35  Evolution Chamber  
  118  7:49  Zergling x2  
  118  7:51  Zergling x4, Hatchery  
  120  7:55  Hive  
  120  7:57  Lurker Den  
  117  8:04  Hydralisk  
  119  8:07  Overlord x2  
  119  8:09  Overlord x3  
  119  8:15  Drone  
  119  8:16  Overlord x7  
  119  8:19  Baneling x7  
  120  8:26  Baneling x6  
  120  8:30  Overseer  
  120  8:31  Hydralisk x4  
  128  8:35  Hydralisk  
  128  8:36  Hydralisk  
  132  8:41  Drone x6  
  132  8:43  Drone x2  
  139  8:51  Hydralisk x4  
  147  8:59  Hydralisk x4  
  152  9:09  Extractor  
  151  9:11  Extractor  
  151  9:12  Seismic Spines  
  151  9:13  Adrenal Glands  
  151  9:14  Spore Crawler, Lurker  
  151  9:15  Lurker  
  151  9:22  Lurker  
  151  9:24  Zergling x22  
  163  9:27  Lurker  
  163  9:29  Zergling x12  
  169  9:31  Overseer  
  169  9:34  Lurker  
  170  9:43  Lurker x2  
  170  9:44  Zergling x6  
  170  9:45  Zergling x18  
  175  9:55  Zergling x22  
  175  9:58  Lurker x3  
  178  10:08  Lurker x2  
  178  10:09  Zergling x24  
  178  10:24  Zergling x20  
  178  10:28  Zergling x2, Hydralisk x2  
  153  10:30  Hydralisk  
  153  10:33  Lurker  
  154  10:36  Zergling x8  
  154  10:37  Hydralisk  
  157  10:43  Hydralisk x2  
  157  10:46  Hydralisk x7  
  157  10:48  Hydralisk  
  157  10:49  Hydralisk  
  166  10:56  Hydralisk x2  
  161  11:00  Hydralisk  
  161  11:03  Hydralisk x4  
  160  11:04  Hydralisk  
  160  11:06  Hydralisk  
  160  11:09  Hydralisk  
  162  11:15  Hydralisk x2  
  162  11:16  Overseer x2, Hydralisk  
  162  11:18  Hydralisk  
  161  11:20  Hydralisk  
  161  11:22  Zergling x10  
  168  11:26  Hydralisk  
  168  11:27  Hydralisk  
  168  11:29  Zergling x6  
  175  11:36  Zergling x2  
  175  11:37  Zergling x6  
  175  11:39  Adaptive Talons  
  179  11:40  Grooved Spines  
  179  11:46  Zergling x2, Drone  
  181  11:47  Hydralisk  
  181  11:49  Baneling x8  
  181  11:50  Baneling x2  
  183  11:54  Hydralisk x2  
  180  12:09  Spire  
  180  12:12  Zergling x32  
  189  12:18  Zergling x6  
  177  12:30  Zergling x16  
  177  12:34  Hydralisk x4  
  166  12:41  Hydralisk  
  151  12:46  Hydralisk  
  151  12:47  Hydralisk x3  
  148  12:56  Hydralisk x7  
  140  13:04  Baneling x8  
  140  13:05  Zergling x4  
  128  13:08  Zerg Missile Weapons Level 1  
  128  13:11  Drone x4  
  128  13:12  Hydralisk  
  131  13:20  Hydralisk  
  131  13:23  Hydralisk x4  
  137  13:27  Hydralisk  
  137  13:28  Zergling x4  
  137  13:31  Hydralisk  
  137  13:32  Zergling x2  
  144  13:34  Hydralisk  
  144  13:35  Zergling x2  
  144  13:37  Lurker  
  144  13:39  Muscular Augments  
  144  13:40  Zergling x4  
  150  13:43  Hydralisk  
  150  13:45  Hydralisk  
  150  13:46  Hydralisk  
  156  13:53  Zergling x2, Drone  
  156  13:55  Zergling x6  
  152  14:00  Zergling x2, Drone  
  152  14:02  Zergling x6  
  133  14:11  Hydralisk x5  
  140  14:20  Hydralisk  
  126  14:24  Queen x2  
  119  14:31  Hydralisk x6  
  119  14:37  Hydralisk  
  118  14:46  Hydralisk x4  
  126  14:53  Hydralisk x2  
  126  14:54  Hydralisk x2  
Tags
 
Add a new tag
Caveats
  • Supply blocks, unpowered buildings, or Contaminate may cause inaccurate times.
  • Supply counts are checked every 10 seconds.